 Dungeon Crawl Stone Soup version 0.24.0-123-gd5b16e6ec5 (webtiles) character file.

Game seed: 3154177790370293480, levelgen mode: deterministic

118473 brucemayne the Executioner (level 16, -10/146 HPs)
             Began as a Hill Orc Monk on Jan 24, 2020.
             Was a High Priest of the Shining One.
             Killed by the raging water
             ... invoked by a water nymph
              (28 damage)
             ... on level 3 of the Shoals.
             The game lasted 00:53:28 (9483 turns).

brucemayne the Executioner (Hill Orc Monk)          Turns: 9483, Time: 00:53:28

Health: -10/146    AC: 24    Str: 26    XL:     16   Next: 41%
Magic:  22/28      EV: 11    Int: 10    God:    the Shining One [*****.]
Gold:   345        SH: 12    Dex:  8    Spells: 15/15 levels left

rFire    + + +     SeeInvis .   j - +8 frozen axe "Frostbite" {freezing cloud, *Noise +Fly rC+}
rCold    + . .     Gourm    .   (shield currently unavailable)
rNeg     + + .     Faith    .   T - +5 plate armour {rPois}
rPois    +         Spirit   .   F - +0 helmet
rElec    .         Reflect  .   (no cloak)
rCorr    +         Harm     .   y - +0 pair of gloves
MR       ++...                  R - +3 pair of boots of the Six Eyes {rF+++ rCorr Dex-5 Stlth+}
Stlth    ..........             e - amulet of regeneration
HPRegen  0.74/turn              D - ring of protection from magic
MPRegen  0.21/turn              o - +3 ring of evasion

@: mighty, divine shield, flying (expiring), glowing
A: no striking features
}: 1/15 runes: gossamer
a: Divine Shield, Cleansing Flame, Summon Divine Warrior, Renounce Religion


You were on level 3 of the Shoals.
You worshipped the Shining One.
The Shining One was extremely pleased with you.
You were not hungry.

You visited 6 branches of the dungeon, and saw 28 of its levels.

You collected 1762 gold pieces.
You spent 1417 gold pieces at shops.

Inventory:

Hand Weapons
 j - the +8 frozen axe "Frostbite" (weapon) {freezing cloud, *Noise +Fly rC+}
   (You acquired it on level 11 of the Dungeon)

   It has been specially enchanted to freeze those struck by it, causing extra
   injury to most foes and up to half again as much damage against particularly
   susceptible opponents.
   It can also slow down cold-blooded creatures.
   It protects you from cold.
   It lets you fly.
   It may make noises in combat.
 M - the +1 flail of Lies {crush, rPois Stlth+, unknown}
   (You found it on level 6 of the Lair of Beasts)

   It inflicts extra damage upon your enemies.
   It protects you from poison.
   It makes you more stealthy.
 Q - a +0 trident of flaming
 S - a +4 scimitar of flaming
 W - a +0 executioner's axe
Missiles
 E - 8 curare-tipped darts (quivered)
 U - 23 arrows
Armour
 a - the +2 ring mail "Ugyxor" {rC+ MR+ Str+2 Dex-3, unknown}
   (You found it on level 1 of the Lair of Beasts)

   It affects your strength (+2).
   It affects your dexterity (-3).
   It protects you from cold.
   It affects your resistance to hostile enchantments.
 m - a cursed +0 plate armour
 y - a +0 pair of gloves (worn)
 F - a +0 helmet (worn)
 I - a +0 troll leather armour
 R - the +3 pair of boots of the Six Eyes (worn) {rF+++ rCorr Dex-5 Stlth+}
   (You bought it in a shop on level 2 of the Orcish Mines)

   It affects your dexterity (-5).
   It renders you almost immune to fire.
   It provides partial protection from all sources of acid and corrosion.
   It makes you more stealthy.
 T - a +5 plate armour of poison resistance (worn)
Jewellery
 e - an amulet of regeneration (around neck)
 h - an uncursed ring of poison resistance
 o - a +3 ring of evasion (right hand)
 r - an uncursed ring of magical power
 C - an uncursed ring of protection from cold
 D - a ring of protection from magic (left hand)
 N - an uncursed ring of protection from cold
Wands
 g - a wand of digging (5)
 u - a wand of disintegration (21)
 H - a wand of iceblast (7)
 J - a wand of flame (10)
 P - a wand of acid (4)
Scrolls
 b - 2 scrolls of enchant weapon
 f - 4 scrolls of enchant armour
 i - a scroll of identify
 k - a scroll of magic mapping
 l - 12 scrolls of remove curse
 v - a scroll of fog
 x - 2 scrolls of immolation {unknown}
 B - a scroll of amnesia {unknown}
 L - 3 scrolls of noise {unknown}
 X - 3 scrolls of teleportation
Potions
 d - a potion of berserk rage {unknown}
 n - a potion of lignification {unknown}
 p - 2 potions of brilliance
 q - 5 potions of ambrosia
 s - 4 potions of mutation
 t - a potion of resistance {unknown}
 w - 3 potions of might
 z - 6 potions of haste
 A - 7 potions of curing
 K - 2 potions of flight
 V - a potion of magic {unknown}
 Z - 2 potions of cancellation
Miscellaneous
 G - a lamp of fire
Comestibles
 c - 10 rations


   Skills:
 + Level 14.2 Fighting
 + Level 24.2 Axes
 - Level 6.0 Armour
 - Level 2.4 Dodging
 - Level 1.5 Stealth
   Level 4.0 Shields
 - Level 17.0 Invocations
 - Level 5.0 Evocations


You had 15 spell levels left.
You didn't know any spells.
Your spell library contained the following spells:

 Spells                   Type           Power        Failure   Level  Hunger
 Animate Skeleton         Necr           N/A          99%         1    ##.....
 Apportation              Tloc           #.....       99%         1    ##.....
 Confusing Touch          Hex            #.....       99%         1    ##.....
 Infusion                 Chrm           #...         99%         1    ##.....
 Sandblast                Erth           #.....       99%         1    ##.....
 Shock                    Conj/Air       #...         99%         1    ##.....
 Summon Small Mammal      Summ           #...         99%         1    ##.....
 Call Imp                 Summ           #.......     100%        2    ###....
 Passwall                 Tmut/Erth      #.......     100%        2    ###....
 Shroud of Golubria       Chrm/Tloc      #.....       100%        2    ###....
 Song of Slaying          Chrm           #.......     100%        2    ###....
 Swiftness                Chrm/Air       #.......     100%        2    ###....
 Call Canine Familiar     Summ           #.......     100%        3    ####...
 Regeneration             Chrm/Necr      #.........   100%        3    ####...
 Spectral Weapon          Hex/Chrm       #.......     100%        3    ####...
 Static Discharge         Conj/Air       #.......     100%        3    ####...
 Stone Arrow              Conj/Erth      #.....       100%        3    ####...
 Summon Guardian Golem    Hex/Summ       #.......     100%        3    ####...
 Airstrike                Air            #.........   100%        4    #####..
 Petrify                  Tmut/Erth      #.......     100%        4    #####..
 Summon Ice Beast         Ice/Summ       #.......     100%        4    #####..
 Summon Lightning Spire   Summ/Air       #.......     100%        4    #####..
 Bolt of Magma            Conj/Fire/Erth #.........   100%        5    ######.
 Iskenderun's Battlesphe  Conj/Chrm      #.......     100%        5    ######.
 Lee's Rapid Deconstruct  Erth           #.........   100%        5    ######.
 Lightning Bolt           Conj/Air       #.........   100%        5    ######.
 Venom Bolt               Conj/Pois      #.........   100%        5    ######.
 Iron Shot                Conj/Erth      #.........   100%        6    #######
 Orb of Destruction       Conj           #.........   100%        7    #######
 Spellforged Servitor     Conj/Summ      #.........   100%        7    #######


Dungeon Overview and Level Annotations

Branches:
Dungeon (12/15)            Temple (1/1) D:4            Lair (6/6) D:8
 Shoals (3/4) Lair:4       Spider (4/4) Lair:2          Orc (2/2) D:11
    Elf (0/3) Orc:2
  Slime: Lair:5-6

Altars:
Ashenzari
Cheibriados
Dithmenos
Elyvilon
Gozag
Hepliaklqana
Kikubaaqudgha
Nemelex Xobeh
Okawaru
Qazlal
Ru
Trog
Uskayaw
Vehumet
Wu Jian
Yredelemnul
Zin
The Shining One

Shops:
D:8 :   Orc:1 [   Orc:2 *[!}%[=%   Shoals:2 !   Shoals:3 ?

Portals:
Pandemonium: Orc:2

Annotations:
Lair:1 PigIron's ghost, journeyman TrMo
Lair:6 1 runed translucent door, Odept's ghost, journeyman OpHu
Shoals:3 Polyphemus
Spider:2 Jorgrun
Spider:3 2 runed translucent doors, Vuykkinei's ghost, adept TrBe
Spider:4 Roxanne


Message History

Aim: a wind drake (severely wounded, deflecting missiles, haloed) Attack!
Your daeva hits the wind drake with a +3 long sword of holy wrath!!
The wind drake dies!
Unknown command.
The water nymph shouts!
A merfolk comes into view. It is wielding a +0 trident.
The merfolk hits you from afar with a +0 halberd!
* * * LOW HITPOINT WARNING * * *
The snapping turtle bites you from afar!
* * * LOW HITPOINT WARNING * * *
Your daeva hits the merfolk with a +3 long sword of holy wrath!
Your daeva barely misses the merfolk.
Found 21 gold pieces.
Unknown command.
Okay, then.
The snapping turtle barely misses you.
The water nymph points at you and mumbles some strange words.
The water rises up and strikes you!!
You die...

# .......# .
####.≈....# ...≈≈ )
.....≈≈≈.. ....$ ≈
≈.[≈≈≈≈≈≈## ##..... ≈
≈≈...≈≈m≈.# #..≈.# ≈
..≈≈.≈≈≈≈m####.≈.## ≈
..≈≈≈≈≈≈≈≈.<...≈..###.
≈
..≈≈≈≈≈≈≈≈≈.≈≈≈≈≈.....
≈
E≈≈≈≈≈≈≈≈≈≈≈@≈≈≈≈....≈
.≈≈≈≈≈≈≈≈≈≈≈≈.)...≈≈≈.
..≈≈†≈≈≈≈.mtEm...≈≈≈≈≈
...≈≈≈≈≈≈....A...≈≈∩≈≈
....≈≈≈≈≈.t......≈≈.≈≈
....m≈≈≈..........≈.≈.
.....≈≈≈...#.........≈
....m.≈.####........≈≈
...!..≈..#........≈≈≈≈


You could see an alligator snapping turtle, a snapping turtle, 3 merfolk, a
water elemental, a water nymph and a friendly daeva.

Vanquished Creatures
  Arachne (Spider:2)
  A kraken (Shoals:2)
  7 emperor scorpions
  A ghost moth (Spider:4)
  An entropy weaver (Spider:4)
  2 dire elephants (Lair:6)
  A spark wasp (Spider:2)
  3 merfolk impalers
  A hydra (Lair:6)
  An anaconda (Lair:6)
  Erica (D:8)
  A merfolk aquamancer (Shoals:2)
  2 two-headed ogres
  2 death yaks
  6 orc high priests (Orc:2)
  Urug (Lair:4)
  A soul eater (Orc:2)
  A sea snake (Shoals:2)
  2 torturous demonspawn (Orc:2)
  2 infernal demonspawn (Orc:2)
  7 orb spiders
  4 harpies (Shoals:2)
  5 orc knights (Orc:2)
  2 ugly things (D:11)
  6 orc sorcerers
  2 deep elf magi
  7 fauns
  2 cyclopes
  2 manticores
  16 wolf spiders
  3 merfolk sirens
  8 elephants
  3 moths of wrath
  A water nymph (Shoals:1)
  2 black mambas
  10 spiny frogs
  A centaur skeleton (D:10)
  2 torpor snails
  5 komodo dragons
  A kobold demonologist (D:11)
  13 demonic crawlers
  A rime drake (Lair:6)
  A red devil (Orc:2)
  5 merfolk
  19 jumping spiders
  A troll (Orc:2)
  A hornet (Spider:1)
  Prince Ribbit (D:6)
  7 blink frogs (Lair:6)
  7 hippogriffs
  11 dream sheep
  A snapping turtle (Shoals:1)
  54 redbacks
  15 tarantellas
  3 basilisks
  7 water elementals
  A shadow (D:10)
  30 yaks
  2 hungry ghosts (D:10)
  Grum (D:8)
  2 vampire mosquitoes (Spider:1)
  2 wargs
  6 water moccasins
  3 porcupines
  24 orc warriors
  4 ice beasts
  7 ogres
  2 phantoms
  5 centaurs
  8 wolves
  8 crocodiles
  A big kobold (D:9)
  11 bullfrogs
  5 scorpions
  12 killer bees
  4 wights (D:11)
  2 howler monkeys
  2 electric eels
  A crimson imp (D:5)
  A centaur zombie (D:8)
  A bullfrog zombie (D:5)
  A quasit (D:10)
  2 hounds
  2 jellies
  21 orc priests
  A gnoll shaman (D:8)
  21 orc wizards
  A bullfrog skeleton (D:6)
  4 iguanas
  5 hell rats (Lair:5)
  6 worker ants
  A killer bee zombie (D:5)
  A hound zombie (D:11)
  2 hound skeletons
  7 gnolls
  8 adders
  An adder skeleton (D:9)
  5 worms
  2 dart slugs
  4 leopard geckos
  59 orcs
  A ball python (D:3)
  7 bats
  4 giant cockroaches
  3 goblins
  5 hobgoblins
  28 jackals
  7 quokkas
  A frilled lizard (D:3)
  A jackal skeleton (D:5)
  16 kobolds
  2 quokka skeletons
  4 rats
  4 fungi
  5 plants
  3 tentacles (Shoals:2)
664 creatures vanquished.

Vanquished Creatures (collateral kills)
  A dire elephant (Lair:6)
  2 orb spiders (Spider:4)
  A manticore (Shoals:3)
  A wind drake (Shoals:3)
5 creatures vanquished.

Vanquished Creatures (others)
  9 fungi
  7 plants (Lair:6)
  14 tentacles (Shoals:2)
30 creatures vanquished.

Grand Total: 699 creatures vanquished

Notes
Turn   | Place    | Note
-------+----------+-------------------------------------------
     0 | D:1      | brucemayne the Hill Orc Monk began the quest for the Orb.
     0 | D:1      | Reached XP level 1. HP: 19/19 MP: 1/1
   102 | D:1      | Reached XP level 2. HP: 15/26 MP: 2/2
   568 | D:2      | Reached skill level 5 in Axes
   598 | D:2      | Reached XP level 3. HP: 25/31 MP: 3/3
   666 | D:2      | Found a hide-covered altar of Uskayaw.
   666 | D:2      | Found a hazy altar of Hepliaklqana.
   667 | D:2      | Found a white marble altar of Elyvilon.
   736 | D:2      | Reached skill level 6 in Axes
   970 | D:1      | Reached XP level 4. HP: 37/39 MP: 4/4
  1234 | D:2      | Reached skill level 7 in Axes
  1234 | D:2      | Reached XP level 5. HP: 28/45 MP: 5/5
  1299 | D:3      | Reached skill level 1 in Shields
  1486 | D:4      | Found a staircase to the Ecumenical Temple.
  1504 | Temple   | Entered the Ecumenical Temple
  1513 | Temple   | Became a worshipper of the Shining One
  1513 | Temple   | Reached * piety under the Shining One
  1513 | Temple   | Reached ** piety under the Shining One
  1531 | D:5      | Entered Level 5 of the Dungeon
  1567 | D:5      | Noticed an ogre
  1600 | D:5      | Reached skill level 8 in Axes
  1600 | D:5      | Reached XP level 6. HP: 51/51 MP: 6/6
  1706 | D:3      | Reached XP level 7. HP: 56/57 MP: 7/7
  1810 | D:5      | Reached skill level 9 in Axes
  1818 | D:5      | Reached skill level 1 in Invocations
  1915 | D:5      | Reached skill level 10 in Axes
  1915 | D:5      | Reached XP level 8. HP: 47/64 MP: 10/10
  2018 | D:7      | Reached skill level 11 in Axes
  2119 | D:6      | Noticed Prince Ribbit
  2134 | D:6      | Killed Prince Ribbit
  2134 | D:6      | Reached skill level 12 in Axes
  2179 | D:6      | Found an iron altar of Okawaru.
  2212 | D:6      | Reached skill level 13 in Axes
  2212 | D:6      | Reached XP level 9. HP: 38/70 MP: 11/11
  2300 | D:6      | Got a pitted whip
  2324 | D:7      | Identified the +8 whip "Lacveig" {slash, +Inv} (You found
                  | it on level 6 of the Dungeon)
  2413 | D:7      | Reached skill level 14 in Axes
  2471 | D:7      | Reached skill level 1 in Armour
  2475 | D:7      | Reached skill level 5 in Fighting
  2556 | D:7      | Found a bloodstained altar of Trog.
  2592 | D:6      | Found a shadowy altar of Dithmenos.
  2592 | D:6      | Found a sparkling altar of Nemelex Xobeh.
  2676 | D:8      | Noticed Grum
  2704 | D:8      | Killed Grum
  2736 | D:8      | Found Geysserr's Book Emporium.
  2804 | D:8      | Reached XP level 10. HP: 63/84 MP: 12/12
  2836 | D:9      | Reached skill level 5 in Armour
  2870 | D:10     | Entered Level 10 of the Dungeon
  2884 | D:9      | Noticed a deep elf mage
  2885 | D:9      | Found an opulent altar of Gozag.
  2889 | D:9      | Killed a deep elf mage
  3064 | D:9      | Noticed a two-headed ogre
  3091 | D:9      | Killed a two-headed ogre
  3258 | D:10     | Reached skill level 15 in Axes
  3327 | D:10     | Reached *** piety under the Shining One
  3329 | D:10     | Noticed a deep elf mage
  3354 | D:10     | Killed a deep elf mage
  3354 | D:10     | Reached skill level 10 in Fighting
  3354 | D:10     | Reached XP level 11. HP: 88/100 MP: 13/13
  3367 | D:10     | Found a snail-covered altar of Cheibriados.
  3439 | D:12     | Noticed a red ugly thing
  3481 | D:11     | Noticed a cyan ugly thing
  3482 | D:11     | Noticed a cyclops
  3486 | D:11     | Noticed a cyan ugly thing
  3556 | D:10     | Reached skill level 16 in Axes
  3729 | D:11     | Found a staircase to the Orcish Mines.
  3864 | D:11     | Identified a scroll of acquirement
  3865 | D:11     | Found the +8 frozen axe "Frostbite" {freezing cloud, *Noise
                  | +Fly rC+}
  3875 | Orc:1    | Entered Level 1 of the Orcish Mines
  3925 | Orc:1    | Found Loginavej's Armour Emporium.
  4048 | Orc:2    | Entered Level 2 of the Orcish Mines
  4048 | Orc:2    | Noticed an orc knight
  4058 | Orc:2    | Killed an orc knight
  4059 | Orc:2    | Found Kukkun's Food Emporium.
  4105 | Orc:2    | Found Hyesk's Food Shoppe.
  4216 | Orc:2    | Noticed an orc knight
  4216 | Orc:2    | Reached **** piety under the Shining One
  4234 | Orc:2    | Killed an orc knight
  4234 | Orc:2    | Reached skill level 17 in Axes
  4247 | Orc:2    | Found Cuxtuc's Armour Boutique.
  4250 | Orc:2    | Found Qylas's Jewellery Shop.
  4417 | Orc:2    | Found Utamuz's Distillery.
  4418 | Orc:2    | Found Nizufaov's General Store.
  4462 | Orc:2    | Noticed a soul eater
  4480 | Orc:2    | Killed a soul eater
  4480 | Orc:2    | Reached skill level 18 in Axes
  4480 | Orc:2    | Reached XP level 12. HP: 103/110 MP: 14/14
  4511 | Orc:2    | Noticed an orc high priest
  4520 | Orc:2    | Killed an orc high priest
  4553 | Orc:2    | Reached skill level 19 in Axes
  4589 | Orc:2    | Found a staircase to the Elven Halls.
  4767 | Orc:2    | Noticed an orc high priest
  4777 | Orc:2    | Killed an orc high priest
  4842 | Orc:2    | Reached skill level 20 in Axes
  4864 | Orc:2    | Reached ***** piety under the Shining One
  4872 | Orc:2    | Noticed an orc high priest
  4880 | Orc:2    | Noticed an orc high priest
  4893 | Orc:2    | Killed an orc high priest
  4904 | Orc:2    | Killed an orc high priest
  4916 | Orc:2    | Noticed an orc high priest
  4916 | Orc:2    | Noticed an orc high priest
  4925 | Orc:2    | Killed an orc high priest
  4925 | Orc:2    | Reached skill level 21 in Axes
  4928 | Orc:2    | Killed an orc high priest
  4928 | Orc:2    | Reached XP level 13. HP: 74/116 MP: 15/15
  4930 | Orc:2    | Found Esmiguuli's Antique Armour Shop.
  4930 | Orc:2    | Found Eciopoc's Gadget Boutique.
  4930 | Orc:2    | Found a one-way gate leading to the halls of Pandemonium.
  4934 | Orc:2    | Bought a pair of ichor-stained boots for 247 gold pieces
  4939 | Orc:2    | Identified the +3 pair of boots of the Six Eyes {rF+++
                  | rCorr Dex-5 Stlth+} (You bought it in a shop on level 2 of
                  | the Orcish Mines)
  5150 | Orc:2    | Bought a +4 plate armour of poison resistance for 705 gold
                  | pieces
  5411 | D:8      | Noticed Erica
  5421 | D:8      | Killed Erica
  5493 | D:8      | Found a staircase to the Lair.
  5505 | D:8      | Reached skill level 22 in Axes
  5535 | Lair:1   | Entered Level 1 of the Lair of Beasts
  5634 | Lair:1   | Got a crude ring mail
  5647 | Lair:1   | Noticed a minotaur
  5647 | Lair:1   | Noticed PigIron's ghost (journeyman TrMo)
  6077 | Lair:6   | Entered Level 6 of the Lair of Beasts
  6084 | Lair:6   | Reached skill level 5 in Invocations
  6244 | Lair:6   | Reached XP level 14. HP: 96/124 MP: 20/20
  6251 | Lair:6   | Found a runed translucent door.
  6251 | Lair:6   | Noticed Odept's ghost (journeyman OpHu)
  6252 | Lair:6   | Identified the +4 trident of Daetaj {pierce, +Blink rF+
                  | Str-5}
  6252 | Lair:6   | Identified the cursed ring "Puonluc" {+Blink rElec rF+
                  | Int-3}
  6455 | Lair:6   | Reached skill level 10 in Invocations
  6462 | Lair:6   | Noticed a dire elephant
  6462 | Lair:6   | Noticed a dire elephant
  6469 | Lair:6   | Noticed a dire elephant
  6474 | Lair:6   | Killed a dire elephant
  6477 | Lair:6   | Killed a dire elephant
  6478 | Lair:6   | Killed a dire elephant
  6497 | Lair:6   | Got a fine flail
  6648 | Lair:4   | Noticed Urug
  6656 | Lair:4   | Killed Urug
  6711 | Lair:4   | Found a staircase to the Shoals.
  6983 | Lair:2   | Found a hole to the Spider Nest.
  7004 | Spider:1 | Entered Level 1 of the Spider Nest
  7135 | Spider:2 | Noticed Arachne
  7142 | Spider:2 | Killed Arachne
  7144 | Spider:2 | Noticed Jorgrun
  7144 | Spider:2 | Noticed an entropy weaver
  7357 | Spider:2 | Reached skill level 15 in Invocations
  7454 | Spider:3 | Reached XP level 15. HP: 72/130 MP: 22/26
  7518 | Spider:4 | Entered Level 4 of the Spider Nest
  7518 | Spider:4 | Reached ****** piety under the Shining One
  7693 | Spider:3 | Found a large runed translucent door.
  7693 | Spider:3 | Found a large runed translucent door.
  7697 | Spider:3 | Noticed Vuykkinei's ghost (adept TrBe)
  7728 | Spider:4 | Noticed an emperor scorpion
  7742 | Spider:3 | Killed an emperor scorpion
  7826 | Spider:4 | Reached skill level 23 in Axes
  7858 | Spider:4 | Noticed an emperor scorpion
  7876 | Spider:4 | HP: 5/132 [jumping spider (9)]
  7888 | Spider:4 | Killed an emperor scorpion
  8037 | Spider:4 | Noticed an emperor scorpion
  8056 | Spider:4 | Killed an emperor scorpion
  8220 | Spider:4 | Noticed an emperor scorpion
  8247 | Spider:4 | Killed an emperor scorpion
  8324 | Spider:4 | Noticed an emperor scorpion
  8338 | Spider:4 | Killed an emperor scorpion
  8401 | Spider:4 | Noticed an emperor scorpion
  8420 | Spider:4 | Killed an emperor scorpion
  8469 | Spider:4 | Noticed a ghost moth
  8479 | Spider:4 | Killed a ghost moth
  8491 | Spider:4 | Noticed an emperor scorpion
  8501 | Spider:4 | Killed an emperor scorpion
  8518 | Spider:4 | Got a gossamer rune of Zot
  8585 | Spider:4 | Noticed Roxanne
  8772 | Shoals:1 | Entered Level 1 of the Shoals
  8807 | Shoals:1 | Reached XP level 16. HP: 135/144 MP: 28/28
  8923 | Shoals:2 | Reached skill level 1 in Evocations
  8988 | Shoals:3 | Noticed Polyphemus
  9108 | Shoals:2 | Noticed a kraken
  9138 | Shoals:2 | Killed a kraken
  9168 | Shoals:2 | Reached skill level 5 in Evocations
  9217 | Shoals:2 | Reached skill level 24 in Axes
  9297 | Shoals:2 | Found Aduwoich's Distillery.
  9300 | Shoals:2 | Bought a potion of cancellation for 120 gold pieces
  9300 | Shoals:2 | Bought a potion of might for 60 gold pieces
  9300 | Shoals:2 | Bought 2 potions of curing for 90 gold pieces
  9300 | Shoals:2 | Bought a potion of curing for 45 gold pieces
  9300 | Shoals:2 | Bought a potion of haste for 150 gold pieces
  9475 | Shoals:3 | Found Qoho's Magic Scroll Boutique.
  9483 | Shoals:3 | Killed from afar by a water nymph

Levels and vault maps discovered:
D:1:      onia_arrival_pentagram, layout_rooms, minmay_pentomino_t4
D:2:      layout_rooms, gammafunk_temple_overflow_claw
D:3:      layout_rooms, lightli_corner_chamber, uniq_grinder
D:4:      layout_loops_ring, minmay_temple_entry_mist, first_ration,
          minmay_vboxes
D:5:      layout_basic, guppyfry_early_orc_mine
D:6:      minmay_recursive_quarters, layout_basic,
          gammafunk_temple_overflow_elements, kennysheep_mini_moat,
          uniq_prince_ribbit1
D:7:      layout_cave_pools, bloody_trog, grunt_livestock, grunt_decor_cap
D:8:      layout_basic, led_sif_pool, david_lair_generic, serial_shops,
          nicolae_shop_stone, uniq_erica, uniq_grum
D:9:      layout_loops_ring, hangedman_feature_mirror
D:10:     layout_basic, cheibriados_altar_1
D:11:     layout_irregular_city, orc_0_dummy, serial_glass, glass_columns_b,
          glass_columns_b
D:12:     layout_basic, uniq_nergalle, uniq_sonja, uniq_fannar
Temple:   eino_temple_lava
Lair:1:   lemuel_slime, layout_loops_ring, maelrawn_ghost_gauntlet_escape
Lair:2:   layout_gridlike, nicolae_spider_entry_non_spiders
Lair:3:   layout_long_grid, chequers_serial_rivers_small_b,
          nicolae_quartered_pool_little, chequers_serial_rivers_large_a
Lair:4:   dragon1_lemuel, layout_loops_ring, elwin_shoals_entry_rocks, uniq_urug
Lair:5:   layout_loops_ring, slime_altar_1
Lair:6:   due_jungle_book, layout_regular_city, ebering_ghost_funeral_grove,
          lemuel_fruit_fields, grunt_megastairs_2, lemuel_fruit_tree
Shoals:1: layout_shoals
Shoals:2: layout_shoals, serial_shops, nicolae_shop_behind_doors,
          nicolae_shoals_seven_spires
Shoals:3: layout_shoals, serial_shops, nicolae_shop_waterfront,
          nicolae_shoals_mertower, uniq_polyphemus
Spider:1: layout_spider_delve, einodemon_crawler_minivault
Spider:2: layout_spider_delve, uniq_asterion, uniq_jorgrun, uniq_arachne
Spider:3: layout_spider_delve, ebering_ghost_disaster_area, nicolae_spider_shape
Spider:4: grunt_spider_rune_circles, uniq_roxanne
Orc:1:    layout_caves, serial_shops, shop_fountains
Orc:2:    pf_orc_diabolical, layout_diamond_mine, serial_shops, shop, shop,
          nicolae_shop_statue_plus, nicolae_shop_stone, mines4_lemuel

Skill      XL: |  1  2  3  4  5  6  7  8  9 10 11 12 13 14 15 16 |
---------------+-------------------------------------------------+-----
Axes           | 5 6 7 8 10 13 14 15 18 21 22 23 24 | 24.2
Shields        | 2 3 4 |  4.0
Invocations    | 3 8 15 17 | 17.0
Fighting       | 6 10 11 13 14 | 14.2
Armour         | 4 6 |  6.0
Evocations     | 5 |  5.0
Dodging        | |  2.4
Stealth        | |  1.5

Action                   |  1- 3 |  4- 6 |  7- 9 | 10-12 | 13-15 | 16-18 || total
-------------------------+-------+-------+-------+-------+-------+-------++-------
Melee: Hand axe          |   128 |    23 |       |       |       |       ||   151
       Short sword       |       |    86 |     8 |       |       |       ||    94
       War axe           |       |    59 |   214 |   226 |       |       ||   499
       Executioner's axe |       |       |       |   197 |   597 |   117 ||   911
       Scimitar          |       |       |       |       |     6 |       ||     6
Throw: Dart              |       |       |     5 |       |       |       ||     5
Invok: Divine Shield     |       |     1 |     6 |    12 |     8 |     4 ||    31
       Summon Divine War |       |       |       |       |     2 |     1 ||     3
 Abil: Evoke Flight      |       |       |       |       |       |     1 ||     1
Evoke: Wand              |       |       |       |       |     2 |     1 ||     3
  Use: Potion            |       |     1 |       |       |     4 |     2 ||     7
       Scroll            |       |     1 |     7 |     9 |     6 |     2 ||    25
  Eat: Chunk             |       |     2 |     5 |     7 |     5 |       ||    19
       Ration            |       |       |       |     2 |     3 |     1 ||     6
Armor: Ring mail         |    51 |    79 |    67 |    51 |       |       ||   248
       Chain mail        |       |       |       |    14 |       |       ||    14
       Plate armour      |       |       |       |    32 |   500 |   105 ||   637
       Troll leather arm |       |       |       |     3 |       |       ||     3
Dodge: Dodged            |    81 |   121 |   107 |   121 |   271 |    69 ||   770
Block: Buckler           |       |    25 |    99 |    98 |       |       ||   222
       Other             |       |       |       |    23 |    61 |    46 ||   130
